 Dungeon Crawl Stone Soup version 0.22-a0-353-g2d6336e (webtiles) character file.

58948 GameOver the Destroyer (level 14, -8/121 HPs)
             Began as a Naga Fire Elementalist on Apr 15, 2018.
             Was the Champion of Cheibriados.
             Killed from afar by a deep elf mage (19 damage)
             ... with a bolt of lightning
             ... on level 13 of the Dungeon on Apr 16, 2018.
             The game lasted 02:28:38 (14246 turns).

GameOver the Destroyer (Naga Fire Elementalist)    Turns: 14246, Time: 02:28:39

Health: -8/121     AC: 23    Str: 26    XL:     14   Next: 92%
Magic:  2/42       EV:  9    Int: 41    God:    Cheibriados [******]
Gold:   1208       SH:  6    Dex: 27    Spells: 11/32 levels left

rFire    + + .     SeeInvis +   e - staff of power
rCold    . . .     Gourm    .   I - +0 buckler
rNeg     . . .     Faith    .   Z - +0 fire dragon scales
rPois    +         Spirit   .   Q - +2 hat
rElec    .         Reflect  .   V - +0 cloak of the Hare {rPois rCorr Int+6 Slay-3} (curse)
rCorr    +         Harm     .   z - +2 pair of gloves
MR       ++...     Rnd*Rage +   h - +1 naga barding
Stlth    +++.......             r - amulet of magic regeneration
HPRegen  0.30/turn              f - ring of protection from magic
MPRegen  0.53/turn              u - ring of protection from cold

@: very slow
A: large, horns 1, repulsion field 1, see invisible, berserk 1, deformed body,
poison resistance, slowness 2, slow metabolism 1, spit poison 1, no potion heal
1, constrict 1, AC +4
a: Spit Poison, Bend Time, Temporal Distortion, Slouch, Step From Time, Renounce
Religion


You were on level 13 of the Dungeon.
You worshipped Cheibriados.
Cheibriados was exalted by your worship.
You were not hungry.

You visited 2 branches of the dungeon, and saw 19 of its levels.
You also visited: Labyrinth.

You collected 1208 gold pieces.

Inventory:

Hand Weapons
 s - a +2 eveningstar
 w - a +1 triple sword of holy wrath
 E - a +2 whip of pain
 F - a +1 flail of protection
Missiles
 l - 145 bolts
Armour
 h - a +1 naga barding (worn)
 z - a +2 pair of gloves (worn)
 I - a +0 buckler (worn)
 Q - a +2 hat (worn)
 V - the cursed +0 cloak of the Hare (worn) {rPois rCorr Int+6 Slay-3}
   (You found it in a labyrinth)

   It affects your intelligence (+6).
   It affects your accuracy and damage with ranged weapons and melee attacks
   (-3).
   It protects you from poison.
   It protects you from acid and corrosion.
   It has a curse placed upon it.
 X - a +0 pair of gloves of archery
 Z - +0 fire dragon scales (worn)
Magical Staves
 e - an uncursed staff of power (weapon)
Jewellery
 d - an uncursed amulet of regeneration
 f - a ring of protection from magic (left hand)
 r - an amulet of magic regeneration (around neck)
 u - a ring of protection from cold (right hand)
Wands
 i - a wand of iceblast (18)
 t - a wand of paralysis (22)
 x - a wand of enslavement (26)
 C - a wand of acid (19)
 K - a wand of scattershot (1)
 N - a wand of polymorph (11)
 S - a wand of flame (31)
Scrolls
 j - 2 scrolls of identify
 k - 2 scrolls of fog
 m - 10 scrolls of remove curse
 p - 9 scrolls of teleportation
 q - 3 scrolls of enchant weapon
 B - 5 scrolls of fear
 H - a scroll of blinking
 J - 3 scrolls of holy word
 L - a scroll of immolation
 R - 3 scrolls of amnesia
Potions
 a - a potion of ambrosia
 b - 2 potions of flight
 n - a potion of resistance
 o - 5 potions of heal wounds
 v - 8 potions of curing
 A - a potion of invisibility
 G - 2 potions of cancellation
 M - 5 potions of might
 P - 2 potions of brilliance
Comestibles
 c - 45 rations
 g - 11 chunks of flesh


   Skills:
 - Level 6.8 Fighting
 - Level 2.0 Maces & Flails
 + Level 6.6 Armour
 - Level 1.5 Dodging
 - Level 8.0 Stealth
 - Level 3.0 Shields
 + Level 9.6 Spellcasting
 - Level 13.0 Conjurations
 + Level 3.7 Charms
 + Level 3.6 Necromancy
 - Level 4.0 Translocations
 - Level 10.0 Fire Magic
 + Level 7.3 Ice Magic
 - Level 4.0 Air Magic
 - Level 5.1 Poison Magic
 - Level 5.5 Invocations


You had 11 spell levels left.
You knew the following spells:

 Your Spells              Type           Power        Failure   Level  Hunger
a - Throw Icicle          Conj/Ice       #######.     1%          4    None
b - Blink                 Tloc           N/A          1%          2    None
d - Fireball              Conj/Fire      #######...   1%          5    #......
q - Mephitic Cloud        Conj/Pois/Air  ######..     1%          3    None
s - Sticky Flame          Conj/Fire      #######.     1%          4    None
x - Regeneration          Chrm/Necr      #####.....   2%          3    None


Dungeon Overview and Level Annotations

Branches:
Dungeon (13/15)            Temple (0/1) D:4            Lair (6/6) D:8
  Swamp (0/4) Lair:2       Spider (0/4) Lair:4        Slime (0/5) Lair:5
    Orc (0/2) D:12
 Vaults: D:13-14

Altars:
Ashenzari
Cheibriados
Kikubaaqudgha
Makhleb
Nemelex Xobeh
Okawaru
Qazlal
The Shining One
Jiyva


Innate Abilities, Weirdness & Mutations

You cannot wear boots.
Your serpentine skin is tough. (AC +4)
You have supernaturally acute eyesight. (SInv)
Armour fits poorly on your strangely shaped body.
Your system is resistant to poisons. (rPois)
You cover ground very slowly.
You have a slow metabolism.
You can spit poison.
You can use your snake-like lower body to constrict enemies.
You have a pair of small horns on your head.
You are surrounded by a mild repulsion field. (EV +2)
You tend to lose your temper in combat.
Potions are less effective at restoring your health.


Message History

Aiming: Sticky Flame (safe; 1% risk of failure)
Press: ? - help, Shift-Dir - straight line, f - slime creature
Aim: a slime creature (severely wounded)
The sticky flame hits the slime creature.
The slime creature is almost dead.
The slime creature is covered in liquid flames!
The slime creature burns!
The slime creature hits you!
* * * LOW HITPOINT WARNING * * *
Evoke which item? (* to show all) (? for menu, Esc to quit)
Aiming: Throw Flame
Press: ? - help, Shift-Dir - straight line, f/p - slime creature
Aim: a slime creature (almost dead, covered in liquid flames)
The puff of flame hits the slime creature.
You kill the slime creature!
Cheibriados thoroughly appreciates the change of pace.
A deep elf mage comes into view. It is wielding a dagger.
The deep elf mage shouts!
The deep elf mage gestures at you while chanting.
The bolt of lightning hits you!
You die...

... ######).# ..
.#.###......)####.#
...e........[#....#
#...........#
#..........####
#....(........#
..#.................
#...........)...####
##.≈≈≈≈.@...≈≈≈≈.#
#.≈≈≈≈≈≈...≈≈≈≈≈≈.#
#.≈≈≈≈≈≈≈..?≈≈≈≈≈≈≈.>
#.≈≈≈≈≈≈≈...≈≈≈≈≈≈≈..
###))###+++###p.###.
#... .. #... #.


You could see a vault guard and a deep elf mage.

Vanquished Creatures
  Rupert (D:13)
  Nessos (Lair:5)
  A minotaur (Lab)
  A fire dragon (Lair:6)
  3 hydras
  Fannar (Lair:3)
  Erolcha (D:13)
  2 centaur warriors
  A catoblepas (Lair:2)
  3 death yaks (Lair:6)
  3 two-headed ogres
  Urug (D:13)
  2 unseen horrors
  2 lindwurms
  Pikel (D:4)
  An orc knight (D:13)
  An ugly thing (D:12)
  A cyclops (D:11)
  A manticore (D:12)
  19 elephants
  3 molten gargoyles (Lair:6)
  Joseph (D:9)
  13 spiny frogs
  A yaktaur (D:13)
  6 black mambas
  2 gargoyles
  A rime drake (Lair:1)
  A torpor snail (Lair:6)
  7 komodo dragons
  A queen bee (Lair:5)
  3 meliai (Lair:5)
  5 polar bears
  4 trolls
  A hornet (D:12)
  Grinder (D:3)
  3 blink frogs (Lair:6)
  5 hippogriffs
  6 slime creatures (D:13)
  Prince Ribbit (D:6)
  Sigmund (D:5)
  A water elemental (D:12)
  A spriggan (D:7)
  5 wyverns
  4 basilisks
  27 yaks
  4 vampire mosquitoes (D:12)
  Edmund (D:5)
  A soldier ant (D:13)
  2 hungry ghosts (D:12)
  2 acid dragons (D:12)
  4 hell hounds (Lair:6)
  8 water moccasins
  4 porcupines
  A slave (D:5)
  2 sky beasts (D:7)
  An eye of draining (D:10)
  8 orc warriors
  5 black bears
  3 ice beasts
  A phantom (D:11)
  5 ogres
  2 necrophages
  5 wolves (Lair:3)
  15 centaurs
  15 crocodiles
  11 bullfrogs
  A big kobold (D:10)
  2 scorpions
  A wyvern skeleton (D:6)
  24 killer bees
  A howler monkey (D:8)
  2 electric eels (D:12)
  3 centaur zombies
  7 lava snakes
  5 crimson imps
  A bullfrog zombie (D:13)
  6 hounds
  8 orc priests
  4 jellies
  19 orc wizards
  3 centaur skeletons
  Jessica (D:3)
  7 iguanas
  Ijyb (D:5)
  4 worker ants
  A killer bee zombie (D:10)
  A hound zombie (D:9)
  2 hound skeletons
  6 gnolls
  A howler monkey skeleton (D:7)
  16 adders
  2 shadow imps
  2 worms
  4 dart slugs
  6 leopard geckos
  50 orcs
  8 giant cockroaches
  5 hobgoblins
  2 jackals (D:1)
  13 kobolds
  3 quokkas
  8 bats
  5 frilled lizards
  9 goblins
  A jackal skeleton (D:4)
  A leopard gecko zombie (D:9)
  A quokka skeleton (D:5)
  8 rats
  A plant (Lair:3)
507 creatures vanquished.

Vanquished Creatures (collateral kills)
  A killer bee (Lair:5)
1 creature vanquished.

Vanquished Creatures (others)
  23 fungi (Lair:6)
  11 plants
34 creatures vanquished.

Grand Total: 542 creatures vanquished

Notes
Turn   | Place    | Note
-------+----------+-------------------------------------------
     0 | D:1      | GameOver the Naga Fire Elementalist began the quest for the Orb.
     0 | D:1      | Reached XP level 1. HP: 15/15 MP: 3/3
   122 | D:1      | Reached XP level 2. HP: 22/22 MP: 5/5
   290 | D:1      | Found a sparkling altar of Nemelex Xobeh.
   310 | D:1      | Reached skill level 2 in Conjurations
   328 | D:1      | Reached XP level 3. HP: 11/28 MP: 2/6
   726 | D:2      | Reached XP level 4. HP: 35/36 MP: 7/7
   780 | D:2      | Learned a level 4 spell: Sticky Flame
   824 | D:2      | Reached skill level 3 in Conjurations
   971 | D:2      | Found a shattered altar of Ashenzari.
   985 | D:2      | Found an ancient bone altar of Kikubaaqudgha.
  1060 | D:2      | Reached XP level 5. HP: 42/42 MP: 4/8
  1284 | D:2      | Found a snail-covered altar of Cheibriados.
  1290 | D:2      | Became a worshipper of Cheibriados the Contemplative
  1299 | D:2      | Found a stormy altar of Qazlal.
  1380 | D:3      | Noticed Grinder
  1382 | D:3      | Paralysed by Grinder for 7 turns
  1596 | D:3      | Reached skill level 5 in Stealth
  1613 | D:3      | Found a faded altar of an unknown god.
  1630 | D:3      | Reached * piety under Cheibriados
  1640 | D:3      | Reached skill level 4 in Conjurations
  1640 | D:3      | Reached XP level 6. HP: 48/49 MP: 5/9
  1863 | D:3      | Noticed Jessica
  1875 | D:3      | Killed Jessica
  1882 | D:3      | Identified Jessica's Grimoire of Boosts
  2003 | D:3      | Gained mutation: You are frail. (-10% HP) [potion of mutation]
  2003 | D:3      | Gained mutation: Potions are less effective at restoring your health. [potion of mutation]
  2003 | D:3      | Gained mutation: You are resistant to hostile enchantments. (MR+) [potion of mutation]
  2008 | D:3      | Paralysed by Grinder for 6 turns
  2021 | D:3      | Killed Grinder
  2021 | D:3      | Reached XP level 7. HP: 5/49 MP: 4/11
  2305 | D:4      | Noticed Pikel
  2309 | D:5      | Entered Level 5 of the Dungeon
  2573 | D:5      | Noticed Edmund
  2588 | D:5      | Reached skill level 5 in Fire Magic
  2608 | D:5      | Reached skill level 5 in Conjurations
  2623 | D:5      | Noticed Ijyb
  2640 | D:5      | Killed Ijyb
  2774 | D:5      | Reached ** piety under Cheibriados
  2786 | D:5      | Noticed Sigmund
  2851 | D:5      | Killed Edmund
  2851 | D:5      | Reached XP level 8. HP: 48/55 MP: 1/14
  2994 | D:5      | Killed Sigmund
  2999 | D:5      | Got a bloodstained leather armour
  3010 | D:5      | Identified the +1 leather armour of Listlessness {+Blink Dex-4 SInv Stlth+} (You took it off Sigmund on level 5 of the Dungeon)
  3083 | D:4      | Killed Pikel
  3083 | D:4      | Reached skill level 1 in Armour
  3083 | D:4      | Reached skill level 5 in Spellcasting
  3083 | D:4      | Reached skill level 6 in Conjurations
  3356 | D:4      | Found a staircase to the Ecumenical Temple.
  3473 | D:6      | Reached XP level 9. HP: 53/61 MP: 11/16
  3702 | D:6      | Noticed Prince Ribbit
  3706 | D:6      | Found a glowing golden altar of the Shining One.
  3706 | D:6      | Killed Prince Ribbit
  3706 | D:6      | Reached skill level 7 in Conjurations
  3709 | D:6      | Got a transparent golden ring
  3710 | D:6      | Identified the cursed ring of Waofiqor {rC+ EV-4 Str+3} (You found it on level 6 of the Dungeon)
  3732 | D:6      | Reached *** piety under Cheibriados
  3747 | D:6      | Learned a level 5 spell: Fireball
  4145 | D:7      | Learned a level 2 spell: Blink
  4150 | D:7      | Learned a level 3 spell: Mephitic Cloud
  4191 | D:7      | Reached skill level 1 in Poison Magic
  4225 | D:7      | Reached **** piety under Cheibriados
  4360 | D:7      | Reached XP level 10. HP: 67/67 MP: 14/19
  4686 | D:7      | Found a burning altar of Makhleb.
  4690 | D:7      | Found an iron altar of Okawaru.
  4885 | D:8      | Reached skill level 8 in Conjurations
  5104 | D:8      | Found a staircase to the Lair.
  5239 | D:8      | Reached ***** piety under Cheibriados
  5725 | D:9      | Noticed Joseph
  5735 | D:9      | Killed Joseph
  6015 | D:10     | Entered Level 10 of the Dungeon
  6050 | D:10     | Reached skill level 5 in Armour
  6050 | D:10     | Reached skill level 5 in Poison Magic
  6264 | D:10     | Reached XP level 11. HP: 65/72 MP: 11/22
  6271 | D:10     | Reached skill level 1 in Shields
  6444 | D:10     | Reached skill level 9 in Conjurations
  6706 | Lair:1   | Entered Level 1 of the Lair of Beasts
  7359 | Lair:1   | Noticed a six-headed hydra
  7366 | Lair:1   | Killed a six-headed hydra
  7541 | Lair:2   | Reached ****** piety under Cheibriados
  7581 | Lair:2   | Reached skill level 1 in Translocations
  7581 | Lair:2   | Reached skill level 1 in Air Magic
  7585 | Lair:2   | Noticed a catoblepas
  7597 | Lair:2   | Killed a catoblepas
  8087 | Lair:2   | Noticed a five-headed hydra
  8090 | Lair:2   | Killed a five-headed hydra
  8090 | Lair:2   | Reached skill level 1 in Fighting
  8090 | Lair:2   | Reached skill level 10 in Fire Magic
  8090 | Lair:2   | Reached XP level 12. HP: 82/82 MP: 14/24
  8114 | Lair:2   | Found a staircase to the Swamp.
  8219 | Lair:2   | Reached skill level 10 in Conjurations
  8652 | Lair:3   | Noticed Fannar
  8662 | Lair:3   | Killed Fannar
  8984 | Lair:3   | Got a slimy mace
  8985 | Lair:3   | Identified the +0 mace of Naec {flame, rN+ Int-3 Dex+3} (You found it on level 3 of the Lair of Beasts)
  9278 | Lair:4   | Noticed a seven-headed hydra
  9292 | Lair:4   | Killed a seven-headed hydra
  9477 | Lair:4   | Reached skill level 5 in Fighting
  9642 | Lair:4   | Got an ichor-stained rapier
  9643 | Lair:4   | Identified the cursed +1 rapier "Peusifil" {pierce, +Rage rElec Int-4 SInv} (You found it on level 4 of the Lair of Beasts)
  9668 | Lair:4   | Found a hole to the Spider Nest.
 10007 | Lair:5   | Noticed Nessos
 10026 | Lair:5   | Killed Nessos
 10026 | Lair:5   | Reached skill level 11 in Conjurations
 10050 | Lair:5   | Found a staircase to the Slime Pits.
 10050 | Lair:5   | Found a viscous altar of Jiyva.
 10544 | Lair:5   | Reached skill level 12 in Conjurations
 10544 | Lair:5   | Gained mutation: You can use your snake-like lower body to constrict enemies. [Naga growth]
 10544 | Lair:5   | Reached XP level 13. HP: 98/98 MP: 25/25
 10876 | Lair:6   | Entered Level 6 of the Lair of Beasts
 10931 | Lair:6   | Learned a level 4 spell: Throw Icicle
 10959 | Lair:6   | Reached skill level 1 in Ice Magic
 11013 | Lair:6   | Reached skill level 13 in Conjurations
 11104 | Lair:6   | Found a labyrinth entrance.
 11122 | Lair:6   | Reached skill level 1 in Invocations
 11127 | Lab      | Entered a labyrinth
 11328 | Lab      | Noticed a minotaur
 11332 | Lab      | Killed a minotaur
 11340 | Lab      | Identified the Disquisition on Malediction
 11342 | Lab      | Got a bloodstained cloak
 11348 | Lab      | Identified the cursed +0 cloak of the Hare {rPois rCorr Int+6 Slay-3} (You found it in a labyrinth)
 11349 | Lab      | Identified the Catalogue of Destiny
 11351 | Lab      | Got a shimmering leather armour
 11362 | Lab      | Identified the +1 leather armour of Goved {Regen+} (You found it in a labyrinth)
 11428 | Lair:6   | Reached skill level 5 in Invocations
 11475 | Lair:6   | Reached skill level 1 in Maces & Flails
 11494 | Lair:6   | Lost mutation: You are frail. (-10% HP) [potion of mutation]
 11494 | Lair:6   | Lost mutation: You are resistant to hostile enchantments. (MR+) [potion of mutation]
 11494 | Lair:6   | Gained mutation: You tend to lose your temper in combat. [potion of mutation]
 11494 | Lair:6   | Gained mutation: You have a pair of small horns on your head. [potion of mutation]
 11494 | Lair:6   | Gained mutation: You are surrounded by a mild repulsion field. (EV +2) [potion of mutation]
 11643 | Lair:6   | Noticed a fire dragon
 11753 | Lair:6   | Found a large runed door.
 11754 | Lair:6   | Found a large runed door.
 11769 | Lair:6   | Killed a fire dragon
 11769 | Lair:6   | Reached skill level 5 in Ice Magic
 11919 | Lair:6   | Reached XP level 14. HP: 107/120 MP: 19/26
 12818 | D:11     | Learned a level 3 spell: Regeneration
 13278 | D:12     | Reached skill level 1 in Charms
 13304 | D:12     | Reached skill level 1 in Necromancy
 13865 | D:12     | Found a staircase to the Orcish Mines.
 14117 | D:13     | Noticed Erolcha
 14118 | D:13     | Noticed Rupert
 14121 | D:13     | Killed Erolcha
 14131 | D:13     | Killed Rupert
 14143 | D:13     | Noticed Urug
 14155 | D:13     | Killed Urug
 14246 | D:13     | Killed from afar by a deep elf mage

Vault maps used:
D:1:      minmay_arrival_jagged, nemelex_altar_shiori
D:2:      nicolae_overflow_quartered_altars, wad_orctagon
D:3:      chequers_ecumenical_altar_simple, kennysheep_jessica_study,
          uniq_grinder
D:4:      minmay_temple_entry_fiery, first_ration, uniq_pikel
D:5:      uniq_ijyb, uniq_sigmund, uniq_edmund
D:6:      basic_altar, uniq_prince_ribbit1
D:7:      minitemple, the_bakery
D:8:      david_lair_shrubbed
D:9:      uniq_joseph
D:11:     kennysheep_diamond
D:12:     david_orc_1_choice, kennysheep_generic_room_5
D:13:     grunt_vaults_entry_fortified, uniq_urug, uniq_azrael, uniq_rupert,
          uniq_erolcha
Lair:2:   beast_lair_carwin_large_2, swamp_mist,
          nicolae_volcano_entry_vermiform, hangedman_lair_unloving_vines
Lair:3:   uniq_fannar
Lair:4:   spider_nest_entry_web_field, grunt_megastairs_2, lemuel_fruit_tree
Lair:5:   slime_altar_1, special_room, uniq_nessos
Lair:6:   cheibrodos_lair_end_hotspot, lab_entry_generic
Lab:      nicolae_lab_dead_adventurers, nicolae_lab_swirl, nicolae_lab_plus,
          nicolae_lab_do_over, lab_hedge, nicolae_lab_x

Skill      XL: |  1  2  3  4  5  6  7  8  9 10 11 12 13 14 |
---------------+-------------------------------------------+-----
Conjurations   | 2 3 4 5 6 7 8 9 12 13 | 13.0
Stealth        | 4 5 7 8 |  8.0
Fire Magic     | 4 5 6 7 8 10 | 10.0
Spellcasting   | 3 4 5 6 7 8 9 |  9.6
Armour         | 2 3 5 6 |  6.6
Poison Magic   | 1 5 |  5.1
Shields        | 3 |  3.0
Translocations | 2 4 |  4.0
Air Magic      | 2 4 |  4.0
Fighting       | 1 5 6 |  6.8
Ice Magic      | 5 7 |  7.3
Invocations    | 5 |  5.5
Maces & Flails | 2 |  2.0
Charms         | 3 |  3.7
Necromancy     | 3 |  3.6
Dodging        | |  1.5

Action                   |  1- 3 |  4- 6 |  7- 9 | 10-12 | 13-15 || total
-------------------------+-------+-------+-------+-------+-------++-------
Melee: Dagger            |    12 |    35 |    74 |       |       ||   121
       Short sword       |       |     3 |       |    48 |       ||    51
       Long sword        |       |       |    13 |    16 |       ||    29
       Flail             |       |       |    92 |    77 |       ||   169
       Staff             |       |       |       |    32 |    60 ||    92
       Constrict         |       |       |       |       |    25 ||    25
       Headbutt          |       |       |       |       |    26 ||    26
 Cast: Flame Tongue      |    32 |    48 |    69 |   179 |     5 ||   333
       Sticky Flame      |       |     1 |    21 |    84 |    64 ||   170
       Mephitic Cloud    |       |       |       |    10 |     6 ||    16
       Fireball          |       |       |       |    32 |    61 ||    93
       Blink             |       |       |       |     4 |     7 ||    11
       Throw Icicle      |       |       |       |       |   100 ||   100
Invok: Slouch            |       |       |       |       |     7 ||     7
 Abil: Spit Poison       |    32 |    36 |    58 |    96 |    65 ||   287
Evoke: Wand              |       |     1 |     1 |     3 |    10 ||    15
  Use: Scroll            |       |     2 |     3 |    19 |     9 ||    33
       Potion            |       |     3 |     3 |       |     6 ||    12
 Stab: Sleeping          |       |     3 |     3 |     3 |       ||     9
       Confused          |       |       |       |     6 |       ||     6
  Eat: Chunk             |     2 |     6 |    12 |    16 |    14 ||    50
       Ration            |       |       |       |     3 |     1 ||     4
Armor: Robe              |     8 |    33 |    41 |       |       ||    82
       Skin              |       |       |    50 |       |       ||    50
       Leather armour    |       |       |    54 |   170 |    50 ||   274
       Fire dragon scale |       |       |       |       |    62 ||    62
Dodge: Dodged            |    19 |    17 |    65 |   108 |    96 ||   305
Block: Buckler           |       |       |       |    45 |    40 ||    85
       Rpst.: Long sword |       |       |     2 |     2 |       ||     4

Table legend:
 A = Spawn XP
 B = Non-spawn XP
 C = Spawn XP percentage of total XP
 D = Spawn monster count
 E = Non-spawn monster count
 F = Spawn count percentage of total count
 G = Total turns spent on level
                    A         B        C        D         E        F      G
               +---------+---------+-------+---------+---------+-------+---------
         Total |       0 |   84212 |   0.0 |       0 |     506 |   0.0 | 14246
               +---------+---------+-------+---------+---------+-------+---------
           D:1 |       0 |      52 |   0.0 |       0 |      30 |   0.0 |   620
           D:2 |       0 |     125 |   0.0 |       0 |      27 |   0.0 |   718
           D:3 |       0 |     518 |   0.0 |       0 |      27 |   0.0 |   726
           D:4 |       0 |     648 |   0.0 |       0 |       4 |   0.0 |   597
           D:5 |       0 |     836 |   0.0 |       0 |      17 |   0.0 |   754
           D:6 |       0 |    1215 |   0.0 |       0 |      25 |   0.0 |   469
           D:7 |       0 |    1957 |   0.0 |       0 |      32 |   0.0 |   928
           D:8 |       0 |    1413 |   0.0 |       0 |      22 |   0.0 |   604
           D:9 |       0 |    1665 |   0.0 |       0 |      25 |   0.0 |   689
          D:10 |       0 |    2541 |   0.0 |       0 |      34 |   0.0 |   647
          D:11 |       0 |    4837 |   0.0 |       0 |      26 |   0.0 |   574
          D:12 |       0 |   10114 |   0.0 |       0 |      53 |   0.0 |   824
          D:13 |       0 |    9606 |   0.0 |       0 |      22 |   0.0 |   156
        Lair:1 |       0 |    3575 |   0.0 |       0 |      10 |   0.0 |   760
        Lair:2 |       0 |    5368 |   0.0 |       0 |      15 |   0.0 |  1152
        Lair:3 |       0 |    2411 |   0.0 |       0 |      11 |   0.0 |   725
        Lair:4 |       0 |    5845 |   0.0 |       0 |      16 |   0.0 |   671
        Lair:5 |       0 |    4007 |   0.0 |       0 |      24 |   0.0 |   967
        Lair:6 |       0 |   26233 |   0.0 |       0 |      85 |   0.0 |  1373
           Lab |       0 |    1246 |   0.0 |       0 |       1 |   0.0 |   292
               +---------+---------+-------+---------+---------+-------+---------
